SAAA
HOUSTON BC @ NAPERVILLE BATTLEKINGS
09/15/2025
 
TOP OF THE 1ST
Houston BC batting - Pitching for Naperville Battlekings : RHP Louis McDowell
Pitching: RHP Louis McDowell
Batting: RHB Ludovico Trezza 0-0: Ball
1-0: Ball
2-0: Ball
3-0: Called Strike
3-1: Foul Ball, location: 2F
3-2: Foul Ball, location: 2F
3-2: Base on Balls
Batting: RHB Rodney Hanna 0-0: Called Strike
0-1: Ball
1-1: Fly out, F9 (Flyball, 89M)
Batting: RHB Habbo Allaart 0-0: Ball
1-0: Ball
2-0: Ball
Ludovico Trezza is caught stealing 2nd base
3-0: Called Strike
3-1: Called Strike
3-2: Fly out, F8 (Flyball, 8RM)
Top of the 1st over - 0 run(s), 0 hit(s), 0 error(s), 0 left on base; Houston 0 - Naperville 0
BOTTOM OF THE 1ST
Naperville Battlekings batting - Pitching for Houston BC : RHP Millard Taylor
Pitching: RHP Millard Taylor
Batting: RHB Miguel Rodríguez 0-0: Called Strike
0-1: Swinging Strike
0-2: Strikes out swinging
Batting: RHB Jim Unknown 0-0: SINGLE (Flyball, 78S)
Batting: RHB Jorge Baker 0-0: Called Strike
0-1: Swinging Strike
0-2: Reached on error, E6 (Groundball, 6)
Jim Unknown to second
Batting: RHB António Guzmán 0-0: Ball
1-0: Foul Ball, location: 2F
1-1: Foul Ball, location: 2F
1-2: Grounds into double play, 6-4-3 (Groundball, 6)
Bottom of the 1st over - 0 run(s), 1 hit(s), 1 error(s), 1 left on base; Houston 0 - Naperville 0
TOP OF THE 2ND
Houston BC batting - Pitching for Naperville Battlekings : RHP Louis McDowell
Batting: RHB Miguel Morán 0-0: Called Strike
0-1: Ball
1-1: SINGLE (Groundball, 6MD)
Batting: RHB Alfredo Mojica 0-0: Swinging Strike
0-1: Ball
1-1: Ball
2-1: Grounds into double play, 5-4-3 (Groundball, 56)
Batting: RHB António Sánchez 0-0: Called Strike
0-1: Ball
1-1: Called Strike
1-2: Ball
2-2: Strikes out swinging
Top of the 2nd over - 0 run(s), 1 hit(s), 0 error(s), 0 left on base; Houston 0 - Naperville 0
BOTTOM OF THE 2ND
Naperville Battlekings batting - Pitching for Houston BC : RHP Millard Taylor
Batting: LHB Philip Strickland 0-0: Foul Ball, location: 2F
0-1: Ball
1-1: Ball
2-1: Called Strike
2-2: Foul Ball, location: 2F
2-2: Ball
3-2: Base on Balls
Batting: RHB Álex Rodríguez 0-0: Ball
1-0: Called Strike
1-1: Ball
Philip Strickland is caught stealing 2nd base
2-1: Fly out, F7 (Flyball, 7)
Batting: RHB Jimmy Dawson 0-0: Ball
1-0: Foul Ball, location: 2F
1-1: Fly out, F3 (Line Drive, 3S)
Bottom of the 2nd over - 0 run(s), 0 hit(s), 0 error(s), 0 left on base; Houston 0 - Naperville 0
TOP OF THE 3RD
Houston BC batting - Pitching for Naperville Battlekings : RHP Louis McDowell
Batting: RHB Jesús Villalba 0-0: Ball
1-0: Swinging Strike
1-1: Foul Ball, location: 2F
1-2: Ground out 5-3 (Groundball, 56S)
Batting: RHB León Cabrera 0-0: Called Strike
0-1: Ball
1-1: Called Strike
1-2: Ball
2-2: Foul Ball, location: 2F
2-2: Ground out 6-3 (Groundball, 6)
Batting: RHB Marvin Hayes 0-0: Ball
1-0: Called Strike
1-1: Ball
2-1: Ball
3-1: Base on Balls
Batting: RHB Ludovico Trezza 0-0: Called Strike
0-1: Ball
1-1: Ball
2-1: Ball
3-1: DOUBLE (Line Drive, 89D)
Marvin Hayes to third
Runner from 3rd tries for Home, SAFE, no throw
Batting: RHB Rodney Hanna 0-0: Called Strike
0-1: SINGLE (Groundball, 6MD)
Ludovico Trezza to third
Runner from 3rd tries for Home, SAFE, no throw
Batting: RHB Habbo Allaart 0-0: Ball
1-0: Ball
2-0: Called Strike
2-1: Fielders Choice at 2nd, 6-4 (Groundball, 6)
Top of the 3rd over - 2 run(s), 2 hit(s), 0 error(s), 0 left on base; Houston 2 - Naperville 0
BOTTOM OF THE 3RD
Naperville Battlekings batting - Pitching for Houston BC : RHP Millard Taylor
Batting: RHB Kevin Tyler 0-0: Swinging Strike
0-1: Foul Ball, location: 2F
0-2: Ball
1-2: Ball
2-2: Ball
3-2: Fly out, F9 (Line Drive, 89S)
Batting: RHB Edward Payne 0-0: Foul Ball, location: 2F
0-1: Ball
1-1: Ball
2-1: Ball
3-1: Ground out 5-3 (Groundball, 5)
Batting: RHB Miguel Rodríguez 0-0: Ball
1-0: Called Strike
1-1: Ground out 6-3 (Groundball, 6)
Bottom of the 3rd over - 0 run(s), 0 hit(s), 0 error(s), 0 left on base; Houston 2 - Naperville 0
TOP OF THE 4TH
Houston BC batting - Pitching for Naperville Battlekings : RHP Louis McDowell
Batting: RHB Miguel Morán 0-0: Fly out, F8 (Flyball, 8LS)
Batting: RHB Alfredo Mojica 0-0: Called Strike
0-1: Ball
1-1: Fly out, F8 (Flyball, 8LS)
Batting: RHB António Sánchez 0-0: Called Strike
0-1: Foul Ball, location: 2F
0-2: Ball
1-2: Foul Ball, location: 2F
1-2: Strikes out swinging
Top of the 4th over - 0 run(s), 0 hit(s), 0 error(s), 0 left on base; Houston 2 - Naperville 0
BOTTOM OF THE 4TH
Naperville Battlekings batting - Pitching for Houston BC : RHP Millard Taylor
Batting: RHB Jim Unknown 0-0: Called Strike
0-1: Fly out, F6 (Line Drive, 6M)
Batting: RHB Jorge Baker 0-0: Called Strike
0-1: Ball
1-1: Ball
2-1: Fly out, F9 (Flyball, 9S)
Batting: RHB António Guzmán 0-0: Ball
1-0: Called Strike
1-1: Foul Ball, location: 2F
1-2: Ground out 5-3 (Groundball, 56)
Bottom of the 4th over - 0 run(s), 0 hit(s), 0 error(s), 0 left on base; Houston 2 - Naperville 0
TOP OF THE 5TH
Houston BC batting - Pitching for Naperville Battlekings : RHP Louis McDowell
Batting: RHB Jesús Villalba 0-0: Called Strike
0-1: Ball
1-1: Ball
2-1: DOUBLE (Line Drive, 89M)
Batting: RHB León Cabrera 0-0: Ball
1-0: Sac Bunt - play at first, batter OUT! 2-3
Jesús Villalba to third
Batting: RHB Marvin Hayes 0-0: Ball
1-0: Ground out 5-3 (Groundball, 56S)
Jesús Villalba scores
Batting: RHB Ludovico Trezza 0-0: Ball
1-0: Called Strike
1-1: Ball
2-1: DOUBLE (Line Drive, 8RD)
Batting: RHB Rodney Hanna 0-0: Foul Ball, location: 2F
0-1: Called Strike
0-2: Ball
1-2: Strikes out swinging
Top of the 5th over - 1 run(s), 2 hit(s), 0 error(s), 1 left on base; Houston 3 - Naperville 0
BOTTOM OF THE 5TH
Naperville Battlekings batting - Pitching for Houston BC : RHP Millard Taylor
Batting: LHB Philip Strickland 0-0: Foul Ball, location: 2F
0-1: SINGLE (Groundball, 4MD)
Batting: RHB Álex Rodríguez 0-0: 2-RUN HOME RUN (Flyball, 7D), Distance : 373 ft
Batting: RHB Jimmy Dawson 0-0: Bunt for hit - play at first, batter safe!
Batting: RHB Kevin Tyler Balk!
Jimmy Dawson to second
0-0: Ball
1-0: Ball
2-0: Ball
3-0: Called Strike
3-1: Called Strike
3-2: Ground out 3-1 (Groundball, 34S)
Jimmy Dawson to third
Batting: RHB Edward Payne 0-0: Swinging Strike
0-1: Ball
1-1: Swinging Strike
1-2: SINGLE (Flyball, 9LS)
Jimmy Dawson scores
Batting: RHB Miguel Rodríguez 0-0: Called Strike
0-1: Swinging Strike
0-2: Strikes out swinging
Batting: RHB Jim Unknown 0-0: Ball
1-0: Called Strike
1-1: Foul Ball, location: 2F
1-2: Ball
2-2: Ball
3-2: 2-RUN HOME RUN (Flyball, 7D), Distance : 382 ft
Batting: RHB Jorge Baker 0-0: Ball
1-0: Foul Ball, location: 2F
1-1: SINGLE (Line Drive, 6MD)
Batting: RHB António Guzmán 0-0: Ball
1-0: Ball
2-0: Fly out, F2 (Popup, 25)
Bottom of the 5th over - 5 run(s), 6 hit(s), 0 error(s), 1 left on base; Houston 3 - Naperville 5
TOP OF THE 6TH
Houston BC batting - Pitching for Naperville Battlekings : RHP Louis McDowell
Batting: RHB Habbo Allaart 0-0: Called Strike
0-1: Ball
1-1: Ball
2-1: Ball
3-1: Base on Balls
Batting: RHB Miguel Morán 0-0: Ball
1-0: Ball
2-0: Ball
3-0: Base on Balls
Habbo Allaart to second
Batting: RHB Alfredo Mojica 0-0: Ball
1-0: Foul Ball, location: 2F
1-1: Foul Ball, location: 2F
1-2: Foul Ball, location: 2F
1-2: Ball
2-2: Strikes out swinging
Batting: RHB António Sánchez 0-0: Called Strike
Habbo Allaart steals 3rd base
Miguel Morán to second
0-1: Ball
1-1: Foul Ball, location: 2F
1-2: Ball
2-2: Ball
3-2: DOUBLE (Line Drive, 7LM)
Habbo Allaart scores
Miguel Morán scores
Batting: RHB Jesús Villalba 0-0: Intentional Walk
Batting: RHB León Cabrera 0-0: Ball
1-0: Called Strike
1-1: Ball
2-1: Foul Ball, location: 2F
2-2: Foul Ball, location: 2F
2-2: Strikes out swinging
Batting: RHB Marvin Hayes 0-0: Called Strike
0-1: Called Strike
0-2: Ball
1-2: Ball
2-2: Ball
3-2: Base on Balls
António Sánchez to third
Jesús Villalba to second
Pitching: RHP Jorge Vázquez
Batting: RHB Ludovico Trezza 0-0: Called Strike
0-1: Ball
1-1: Swinging Strike
1-2: Fly out, F9 (Flyball, 9LSF)
Top of the 6th over - 2 run(s), 1 hit(s), 0 error(s), 3 left on base; Houston 5 - Naperville 5
BOTTOM OF THE 6TH
Naperville Battlekings batting - Pitching for Houston BC : RHP Millard Taylor
Batting: LHB Philip Strickland 0-0: Ball
1-0: Swinging Strike
1-1: Ball
2-1: Foul Ball, location: 2F
2-2: Ball
3-2: Strikes out swinging
Batting: RHB Álex Rodríguez 0-0: Ball
1-0: Foul Ball, location: 2F
1-1: Fly out, F7 (Line Drive, 7)
Batting: RHB Jimmy Dawson 0-0: Called Strike
0-1: SOLO HOME RUN (Line Drive, 9D), Distance : 369 ft
Batting: RHB Kevin Tyler 0-0: Ball
1-0: Called Strike
1-1: Ball
2-1: Called Strike
2-2: Ball
3-2: Ground out 5-3 (Groundball, 56)
Bottom of the 6th over - 1 run(s), 1 hit(s), 0 error(s), 0 left on base; Houston 5 - Naperville 6
TOP OF THE 7TH
Houston BC batting - Pitching for Naperville Battlekings : RHP Jorge Vázquez
Batting: RHB Rodney Hanna 0-0: Foul Ball, location: 2F
0-1: Foul Ball, location: 2F
0-2: Ground out 4-3 (Groundball, 4)
Batting: RHB Habbo Allaart 0-0: Ball
1-0: Ball
2-0: Called Strike
2-1: Ball
3-1: Called Strike
3-2: Base on Balls
Batting: RHB Miguel Morán 0-0: Ball
1-0: DOUBLE (Line Drive, 89M)
Habbo Allaart to third
Batting: RHB Alfredo Mojica 0-0: Ball
1-0: Foul Ball, location: 2F
1-1: Fly out, F7 (Line Drive, 7D)
Runner from 3rd tags up, SCORES, no throw
Batting: RHB António Sánchez 0-0: Ball
1-0: SINGLE (Groundball, 56D)
Miguel Morán to third
Runner from 3rd tries for Home, SAFE, no throw
Batting: RHB Jesús Villalba 0-0: Called Strike
António Sánchez steals 2nd base
Pinch Runner at 2nd Alfredo Rivera: 0-1: Ball
1-1: Fly out, F7 (Flyball, 7S)
Top of the 7th over - 2 run(s), 2 hit(s), 0 error(s), 1 left on base; Houston 7 - Naperville 6
BOTTOM OF THE 7TH
Naperville Battlekings batting - Pitching for Houston BC : RHP Millard Taylor
Now at 1B: Alfredo Rivera
Batting: RHB Edward Payne 0-0: Swinging Strike
0-1: Called Strike
0-2: Ball
1-2: Strikes out looking
Batting: RHB Miguel Rodríguez 0-0: Called Strike
0-1: Ball
1-1: Ball
2-1: Ball
3-1: Ground out 5-3 (Groundball, 56)
Batting: RHB Jim Unknown 0-0: Ball
1-0: Ball
2-0: Swinging Strike
2-1: Swinging Strike
2-2: Foul Ball, location: 2F
2-2: Fly out, F5 (Line Drive, 56)
Bottom of the 7th over - 0 run(s), 0 hit(s), 0 error(s), 0 left on base; Houston 7 - Naperville 6
TOP OF THE 8TH
Houston BC batting - Pitching for Naperville Battlekings : RHP Jorge Vázquez
Batting: RHB León Cabrera 0-0: Ball
1-0: Called Strike
1-1: Ball
2-1: Foul Ball, location: 2F
2-2: Ball
3-2: Ground out 4-3 (Groundball, 4)
Batting: RHB Marvin Hayes 0-0: Ball
1-0: Ground out 5-3 (Groundball, 56)
Batting: RHB Ludovico Trezza 0-0: Ball
1-0: Foul Ball, location: 2F
1-1: Foul Ball, location: 2F
1-2: Ball
2-2: Strikes out swinging
Top of the 8th over - 0 run(s), 0 hit(s), 0 error(s), 0 left on base; Houston 7 - Naperville 6
BOTTOM OF THE 8TH
Naperville Battlekings batting - Pitching for Houston BC : RHP Millard Taylor
Pitching: RHP Arnout Els
Now at 2B: Joseph Gray
Batting: RHB Jorge Baker 0-0: Called Strike
0-1: Swinging Strike
0-2: Strikes out swinging
Pitching: RHP Dan Hobbs
Batting: RHB António Guzmán 0-0: Called Strike
0-1: Fly out, F9 (Flyball, 9LSF)
Pitching: LHP Jamie Scott
Batting: LHB Philip Strickland 0-0: Swinging Strike
0-1: Swinging Strike
0-2: Ball
1-2: Strikes out looking
Bottom of the 8th over - 0 run(s), 0 hit(s), 0 error(s), 0 left on base; Houston 7 - Naperville 6
TOP OF THE 9TH
Houston BC batting - Pitching for Naperville Battlekings : RHP Jorge Vázquez
Batting: RHB Rodney Hanna 0-0: Foul Ball, location: 2F
0-1: Ball
1-1: Ball
2-1: Called Strike
2-2: Fly out, F8 (Flyball, 8LM)
Batting: RHB Habbo Allaart 0-0: Called Strike
0-1: Ball
1-1: Swinging Strike
1-2: Foul Ball, location: 2F
1-2: Ball
2-2: Strikes out swinging
Batting: RHB Miguel Morán 0-0: Ball
1-0: Foul Ball, location: 2F
1-1: SINGLE (Groundball, 56D)
Batting: RHB Alfredo Mojica 0-0: Ball
1-0: Ball
2-0: Fly out, F9 (Flyball, 89S)
Top of the 9th over - 0 run(s), 1 hit(s), 0 error(s), 1 left on base; Houston 7 - Naperville 6
BOTTOM OF THE 9TH
Naperville Battlekings batting - Pitching for Houston BC : LHP Jamie Scott
Pitching: RHP Katsuyoshi Takuda
Pinch Hitting: LHB Naohiro Sakai 0-0: Foul Ball, location: 2F
0-1: Ground out 4-3 (Groundball, 4)
Pinch Hitting: RHB Jim Unknown 0-0: Ground out 6-3 (Groundball, 6)
Batting: RHB Kevin Tyler 0-0: Foul Ball, location: 2F
0-1: Ball
1-1: Foul Ball, location: 2F
1-2: Ball
2-2: Fly out, F4 (Popup, 4D)
Bottom of the 9th over - 0 run(s), 0 hit(s), 0 error(s), 0 left on base; Houston 7 - Naperville 6
Friday, December 30th, 2016 - OOTP Baseball 17.12 Build 75